 Dungeon Crawl Stone Soup version 0.20.0-8-g6b59dc7 (webtiles) character file.

551 Monsterracer the Carver (level 7, 0/52 HPs)
             Began as a Barachi Fighter on May 30, 2017.
             Slain by an ogre
             ... wielding a +0 giant spiked club
              (20 damage)
             ... on level 4 of the Dungeon.
             The game lasted 00:09:26 (5329 turns).

Monsterracer the Carver (Barachi Fighter)           Turns: 5329, Time: 00:09:26

Health: 0/52       AC: 10    Str: 18    XL:     7   Next: 29%
Magic:  16/16      EV:  4    Int:  8    God:
Gold:   97         SH:  9    Dex: 13    Spells: 6/6 levels left

rFire    . . .     SeeInvis .   a - +1 long sword
rCold    . . .     Gourm    +   c - +0 shield
rNeg     . . .     Faith    .   s - +1 chain mail
rPois    .         Spirit   .   (no helmet)
rElec    .         Reflect  .   (no cloak)
rCorr    .         Harm     .   (no gloves)
MR       .....                  (no boots)
Stlth    ..........             t - amulet of the gourmand
Regen    0.2/turn               u - ring of magical power
MPRegen  0.2/turn               (no ring)

@: slow
A: +LOS, swims, slowness 1, strong legs 1
a: Hop


You were on level 4 of the Dungeon.
You were not hungry.

You visited 1 branch of the dungeon, and saw 4 of its levels.
You also visited: Ossuary.

You collected 97 gold pieces.

Inventory:

Hand Weapons
 a - a +1 long sword (weapon)
Missiles
 j - 6 javelins of penetration (quivered)
Armour
 c - a +0 shield (worn)
 s - a +1 chain mail (worn)
Jewellery
 t - an amulet of the gourmand (around neck)
 u - a ring of magical power (left hand)
Wands
 r - a wand of disintegration (8/24)
Scrolls
 e - 4 scrolls of blinking {unknown}
 g - 2 scrolls of teleportation
 h - a scroll of fear
 n - 2 scrolls of remove curse
 o - 7 scrolls of identify
 p - a scroll of enchant armour
 q - a scroll of enchant weapon
 w - a scroll of fog
Potions
 b - a potion of berserk rage
 d - 2 potions of might
 k - a potion of brilliance
 m - a potion of heal wounds
Comestibles
 f - 3 bread rations
 i - a meat ration
 l - 4 royal jellies
 v - 2 chunks of flesh


   Skills:
 - Level 3.6 Fighting
 + Level 9.3 Long Blades
 - Level 3.6 Armour
 - Level 3.2 Shields


You had 6 spell levels left.
You didn't know any spells.

Dungeon Overview and Level Annotations

Branches:
Dungeon (4/15)
 Temple: D:4-7

Altars:
Trog
Xom
The Shining One


Innate Abilities, Weirdness & Mutations

Shadows flee at your approach. (+LOS)
You can swim through water.
You cover ground slowly.
You can hop short distances.


Message History

The ogre hits you with a giant spiked club.
You hit the ogre.
The ogre is severely wounded.
Your chain mail prevents you from hitting the ogre.
The ogre is severely wounded.
The ogre hits you with a giant spiked club!
* * * LOW HITPOINT WARNING * * *
You hit the ogre.
The ogre is severely wounded.
You block the ogre's attack.
You hit the ogre.
The ogre is almost dead.
You block the ogre's attack.
Unknown command.
You barely miss the ogre.
The ogre is almost dead.
You hit the ogre.
The ogre is almost dead.
The ogre hits you with a giant spiked club!!
You die...

##.#.....##
##.####.......
#.........# #.#
#####.## #.####.##.#
#.# #.## # #.##.# #+##
###... ##.##.# #...##
#..... #..##.# #.....#
#.#### #.#.#.#
#....... #.##.#
##.###.....###........
##.#...
.............@O.......
+......
##...(.....###......##
####... ####.....##
#.....# #... #...#.#
#....# #... #####.#
#...# #... #.# #+#####
#... #.# ##8## #...
#.# #...# #... #.#
#...###...


You could see an ogre.

Vanquished Creatures
  The ghost of Amnesiac the Sneak, an amateur DEEn of Ashenzari (Ossuary)
  2 orc priests (D:3)
  3 orc wizards (D:3)
  Natasha (D:4)
  11 mummies (Ossuary)
  5 adders
  4 oozes
  4 worms
  A dart slug (D:1)
  A leopard gecko (D:2)
  6 orcs
  2 giant cockroaches
  8 goblins
  7 hobgoblins
  A quokka (D:2)
  A ball python (D:2)
  6 bats
  2 frilled lizards
  2 gnoll skeletons (Ossuary)
  A goblin skeleton (Ossuary)
  11 kobolds
  A kobold skeleton (Ossuary)
  3 orc skeletons (Ossuary)
  5 rats
  11 rat skeletons (Ossuary)
100 creatures vanquished.

Vanquished Creatures (others)
  A goblin skeleton (Ossuary)
1 creature vanquished.

Grand Total: 101 creatures vanquished

Notes
Turn   | Place    | Note
-------+----------+-------------------------------------------
     0 | D:1      | Monsterracer the Barachi Fighter began the quest for the Orb.
     0 | D:1      | Reached XP level 1. HP: 18/18 MP: 1/1
    42 | D:1      | Reached skill level 3 in Long Blades
   170 | D:1      | Reached XP level 2. HP: 24/24 MP: 2/2
   898 | D:2      | Reached skill level 4 in Long Blades
   898 | D:2      | Reached XP level 3. HP: 28/29 MP: 3/3
  1440 | D:2      | Found a bloodstained altar of Trog.
  1455 | D:2      | HP: 1/29 [worm (6)]
  1827 | D:2      | Reached skill level 5 in Long Blades
  2026 | D:2      | Reached XP level 4. HP: 31/36 MP: 4/4
  2705 | D:3      | Reached skill level 6 in Long Blades
  2705 | D:3      | Reached XP level 5. HP: 27/41 MP: 5/5
  2974 | D:3      | Reached skill level 7 in Long Blades
  2977 | D:3      | Reached XP level 6. HP: 13/47 MP: 6/6
  3665 | D:3      | Found a shimmering altar of Xom.
  3681 | D:3      | Found a glowing golden altar of the Shining One.
  3937 | D:4      | Found a sand-covered staircase.
  3954 | Ossuary  | Entered an ossuary
  3966 | Ossuary  | Noticed Amnesiac's ghost (amateur DEEn)
  3980 | Ossuary  | Killed Amnesiac's ghost
  3980 | Ossuary  | Reached skill level 8 in Long Blades
  4547 | Ossuary  | Reached XP level 7. HP: 52/52 MP: 7/7
  4666 | Ossuary  | Reached skill level 9 in Long Blades
  5270 | D:4      | Noticed Natasha
  5278 | D:4      | Killed Natasha
  5329 | D:4      | Slain by an ogre

Skill      XL: |  1  2  3  4  5  6  7 |
---------------+----------------------+-----
Long Blades    | 3 4 5 6 7 8 9 |  9.3
Fighting       | |  3.6
Armour         | |  3.6
Shields        | |  3.2

Action                   |  1- 3 |  4- 6 |  7- 9 || total
-------------------------+-------+-------+-------++-------
Melee: Long sword        |   128 |   194 |    85 ||   407
 Abil: Hop               |     1 |       |       ||     1
  Use: Scroll            |     1 |     8 |     1 ||    10
       Potion            |     4 |     3 |     1 ||     8
  Eat: Chunk             |     4 |     7 |       ||    11
       Meat ration       |       |       |     1 ||     1
Armor: Scale mail        |    56 |    35 |       ||    91
       Chain mail        |       |    27 |    17 ||    44
Dodge: Dodged            |    44 |    42 |     3 ||    89
Block: Shield            |    65 |    76 |    15 ||   156
       Rpst.: Long sword |    16 |    12 |       ||    28
